Map: Jagannatha LE

Players

Draknas - Winner!

  • Race: Zerg Zerg
  • League: Diamond

Nano

  • Race: Terran Terran
  • League: Diamond

VOD

Have the link to the VOD?

Description

Time

  • Played on: Aug. 11, 2021, 11:56 p.m.
  • Length: 9:53
Show
View Real Time Build Order
Export as new Build Order

Draknas Zerg - Winner!

Build Orders: Pool First 

Get SALT Encoding   

  12  0:00  Drone  
  13  0:12  Overlord  
  13  0:17  Drone  
  14  0:30  Drone  
  14  0:31  Drone  
  16  0:41  Spawning Pool  
  15  0:45  Drone  
  15  0:49  Drone  
  17  1:10  Hatchery  
  16  1:13  Drone  
  16  1:16  Extractor  
  16  1:18  Drone  
  17  1:28  Zergling x2  
  17  1:29  Zergling x2  
  19  1:36  Queen  
  21  1:41  Drone  
  22  1:51  Roach Warren  
  22  1:52  Drone  
  22  2:01  Overlord  
  22  2:19  Queen  
  22  2:22  Queen  
  26  2:40  Roach x3  
  26  2:41  Roach  
  34  3:11  Ravager  
  35  3:17  Overlord, Drone  
  36  3:35  Overlord  
  36  3:37  Hatchery, Drone x4  
  36  3:38  Drone  
  38  3:49  Drone x3  
  41  4:00  Drone x3  
  41  4:01  Drone  
  45  4:06  Spore Crawler  
  42  4:29  Metabolic Boost  
  35  4:32  Drone x2, Spore Crawler  
  35  4:33  Drone x2  
  35  4:35  Zergling x4  
  35  4:36  Queen  
  42  4:39  Queen  
  44  4:49  Drone x3  
  47  4:54  Queen  
  49  5:00  Drone x2, Extractor  
  49  5:02  Extractor  
  49  5:06  Evolution Chamber  
  48  5:07  Evolution Chamber  
  48  5:11  Drone  
  48  5:12  Drone x2  
  48  5:13  Drone x2  
  52  5:15  Drone  
  53  5:24  Drone  
  53  5:25  Drone x2  
  53  5:26  Extractor  
  53  5:27  Overlord  
  55  5:29  Overlord  
  55  5:33  Overlord  
  55  5:35  Drone  
  56  5:37  Drone  
  56  5:38  Drone  
  58  5:52  Drone  
  58  5:53  Drone x7  
  58  5:57  Zerg Missile Weapons Level 1  
  66  6:02  Zerg Ground Armor Level 1  
  66  6:09  Lair  
  66  6:11  Drone x2  
  68  6:12  Drone  
  68  6:13  Drone  
  68  6:15  Drone  
  68  6:16  Drone  
  72  6:20  Overlord  
  72  6:21  Overlord  
  72  6:24  Overlord  
  72  6:26  Drone  
  72  6:27  Drone  
  72  6:28  Drone  
  72  6:32  Extractor  
  74  6:33  Extractor  
  72  6:42  Drone  
  74  6:47  Drone x3  
  74  6:48  Drone x3  
  74  6:49  Drone x2  
  81  6:59  Roach x8  
  81  7:00  Roach  
  99  7:02  Roach  
  101  7:09  Hatchery  
  100  7:17  Overlord x3  
  100  7:21  Glial Reconstitution  
  95  7:41  Drone  
  95  7:42  Drone x3  
  95  7:43  Drone  
  99  7:52  Overlord x3  
  99  7:53  Drone x2  
  99  7:54  Drone x3  
  99  7:56  Roach  
  99  7:57  Roach x4  
  114  8:00  Ravager x8  
  114  8:01  Zergling x2  
  123  8:08  Roach x2  
  123  8:10  Overlord  
  127  8:17  Roach  
  129  8:31  Roach x12  
  153  8:38  Queen  
  155  8:43  Roach x5  
  165  8:51  Overlord x2  
  165  8:52  Overlord  
  165  9:03  Overlord x3  
  164  9:21  Roach x9  
  164  9:22  Roach x6  
  174  9:34  Roach x5  
Show
View Real Time Build Order
Export as new Build Order

Nano Terran 

Build Orders: Reaper Expand, Mech 

Get SALT Encoding   

  12  0:00  SCV  
  13  0:12  SCV  
  14  0:17  Supply Depot  
  14  0:24  SCV  
  15  0:39  SCV  
  15  0:40  Barracks  
  16  0:44  Refinery  
  16  0:51  SCV  
  17  1:03  SCV  
  18  1:15  SCV  
  19  1:27  Orbital Command  
  19  1:29  Reaper  
  20  1:45  Command Center  
  19  1:55  Supply Depot  
  19  1:57  SCV  
  20  2:02  Marine  
  21  2:10  SCV  
  21  2:13  Factory  
  22  2:25  Barracks Reactor, Refinery  
  22  2:26  SCV  
  23  2:38  SCV  
  24  2:51  SCV  
  25  3:09  Starport  
  25  3:12  Hellion x2  
  28  3:13  Barracks Tech Lab  
  28  3:15  SCV  
  29  3:27  Orbital Command  
  29  3:30  SCV  
  29  3:34  Hellion x2  
  32  3:57  Banshee  
  32  3:58  Widow Mine x2  
  32  3:59  Marine  
  32  4:00  SCV  
  32  4:01  SCV  
  41  4:05  Supply Depot  
  27  4:34  SCV x2  
  27  4:38  Widow Mine  
  31  4:46  SCV  
  31  4:49  Supply Depot  
  32  4:59  SCV x2  
  34  5:03  Hellion x2  
  38  5:14  Marine  
  38  5:18  SCV  
  40  5:24  Hellion, Starport Reactor  
  40  5:25  Hellion  
  44  5:29  Supply Depot  
  44  5:31  Supply Depot  
  44  5:33  SCV x2  
  44  5:35  Barracks Tech Lab  
  46  5:55  Hellion x2  
  46  5:56  SCV x2  
  52  6:01  Command Center  
  52  6:06  Factory  
  52  6:10  SCV  
  53  6:11  Factory  
  53  6:13  SCV, Barracks Tech Lab  
  58  6:18  Widow Mine x2  
  58  6:22  SCV  
  58  6:23  Refinery  
  58  6:25  Refinery  
  59  6:39  SCV x2  
  61  6:43  Engineering Bay  
  61  6:46  Hellion x2  
  65  6:53  SCV  
  65  6:54  SCV  
  67  7:03  Siege Tank  
  70  7:10  Supply Depot x2  
  70  7:11  Siege Tank, Hellion x2  
  70  7:14  Supply Depot  
  77  7:16  Supply Depot  
  77  7:23  SCV  
  77  7:24  SCV  
  77  7:25  Orbital Command  
  71  7:37  Siege Tank  
  71  7:38  Hellion  
  70  7:50  SCV x2  
  69  7:54  SCV  
  69  7:58  Supply Depot  
  70  8:00  Supply Depot, Siege Tank  
  70  8:05  Hellion  
  75  8:18  Missile Turret  
  75  8:20  Siege Tank, Hellion  
  75  8:21  Orbital Command  
  75  8:22  SCV x2  
  82  8:34  SCV  
  82  8:38  Supply Depot x2  
  82  8:40  SCV  
  84  8:41  Armory  
  84  8:43  Siege Tank  
  84  8:45  Armory  
  87  8:58  SCV x2  
  87  8:59  Siege Tank, Hellion  
  87  9:00  Hellion  
  96  9:12  Refinery  
  96  9:14  Supply Depot  
  96  9:15  Supply Depot  
  63  9:32  Hellion x2  
Tags
 
Add a new tag
Caveats
  • Supply blocks, unpowered buildings, or Contaminate may cause inaccurate times.
  • Supply counts are checked every 10 seconds.